AoeStats
← ogipochi_

Arena

508171866Analyzed
3v3 RM · 12d ago on Sep 21, 2026· 49m 42s· 6 players
Game mode
Random Map
Map size
Normal (6 player)
Population
200
Speed
Normal
Resources
Standard
Victory
Conquest
Starting age
Dark Age
Ending age
Imperial Age
RankedLock teamsTeams togetherTeam positionsShared explorationLock speedFull tech treeHidden civsTurbo modeCheats
Victory
Defeat
🇯🇵 Khmer · Japan
818
+21
🇳🇱 Ethiopians · Netherlands
785
+22
🇷🇴 Celts · Romania
766
+22
🇮🇳 Mongols · India
965
-23
🇨🇳 Poles · China
923
-22
🇦🇷 Koreans · Argentina
880
-20
Rowdy
11:41 Feudal Age
11:03 Loom
13:16 Double-Bit Axe
16:19 Castle Age
14:28 Horse Collar
14:44 Stone Mining
17:37 Wheelbarrow
21:58 Fletching
24:20 Gold Mining
25:23 Ballistics
26:12 Padded Archer Armor
32:14 Imperial Age
30:19 Bloodlines
30:09 Husbandry
31:26 Bodkin Arrow
31:47 Leather Archer Armor
31:43 Forging
31:07 Light Cavalry
32:12 Bow Saw
32:22 Scale Barding Armor
33:34 Onager
35:02 Gold Shaft Mining
35:35 Drill
35:37 Conscription
34:44 Hussar
36:09 Heavy Plow
38:15 Chemistry
38:23 Iron Casting
41:18 Hand Cart
41:44 Elite Mangudai
43:45 Bracer
44:06 Chain Barding Armor
Symboli_Maizuru
7:23 Loom
9:48 Feudal Age
10:21 Double-Bit Axe
12:26 Horse Collar
17:23 Castle Age
20:43 Bow Saw
20:34 Gold Mining
24:52 Imperial Age
21:59 Light Cavalry
22:54 Forging
23:17 Heavy Plow
23:34 Bloodlines
23:41 Scale Barding Armor
24:57 Wheelbarrow
25:13 Stone Mining
25:23 Town Watch
29:07 Iron Casting
31:03 Stone Shaft Mining
31:33 Lechitic Legacy
32:12 Husbandry
32:50 Crop Rotation
33:36 Conscription
33:24 Winged Hussar
35:06 Husbandry
36:11 Hand Cart
37:20 Blast Furnace
36:41 Chain Barding Armor
Lưu Bị.FC
11:59 Feudal Age
16:26 Castle Age
15:12 Double-Bit Axe
16:40 Horse Collar
21:34 Scale Mail Armor
21:27 Fletching
21:53 Gold Mining
25:44 Wheelbarrow
25:14 Elite Skirmisher
28:16 Hand Cart
33:08 Imperial Age
31:39 Scale Mail Armor
31:58 Loom
32:47 Bodkin Arrow
33:15 Stone Mining
34:02 Gold Shaft Mining
33:39 Bow Saw
33:31 Heavy Plow
33:58 Ballistics
34:52 Bracer
35:38 Conscription
36:22 Forging
37:16 Chemistry
36:43 Eupseong
36:45 Elite Fire Lancer
38:42 Thumb Ring
39:25 Chain Mail Armor
Sm0k1nG040
10:52 Feudal Age
14:48 Castle Age
13:31 Double-Bit Axe
15:04 Wheelbarrow
14:17 Horse Collar
20:26 Bow Saw
21:19 Heavy Plow
22:13 Gold Mining
23:30 Gold Shaft Mining
24:15 Fletching
28:29 Imperial Age
26:41 Loom
27:15 Hand Cart
27:07 Padded Archer Armor
27:53 Bodkin Arrow
28:14 Leather Archer Armor
27:56 Crossbowman
30:51 Chemistry
30:18 Ballistics
30:03 Bracer
30:35 Ring Archer Armor
30:38 Light Cavalry
31:21 Husbandry
31:47 Conscription
31:41 Thumb Ring
31:50 Arbalester
33:17 Scale Barding Armor
33:28 Forging
34:46 Two-Man Saw
34:21 Caravan
35:09 Chain Barding Armor
35:29 Iron Casting
35:08 Hussar
39:17 Blast Furnace
40:10 Heavy Camel Rider
47:04 Cavalier
ogipochi_
8:32 Loom
10:55 Feudal Age
10:05 Loom
11:25 Double-Bit Axe
11:31 Stone Mining
11:40 Horse Collar
13:25 Wheelbarrow
16:03 Castle Age
15:05 Gold Mining
21:58 Bow Saw
25:15 Fletching
29:21 Imperial Age
27:47 Hand Cart
30:47 Gold Shaft Mining
30:38 Double Crossbow
30:59 Conscription
31:48 Caravan
33:01 Ballistics
33:45 Chemistry
32:50 Heavy Scorpion
34:27 Fortified Wall
35:20 Husbandry
35:31 Bloodlines
34:45 Elite Battle Elephant
35:41 Forging
35:36 Scale Barding Armor
38:14 Iron Casting
38:00 Chain Barding Armor
CeramicGoose42
9:25 Loom
13:16 Feudal Age
14:09 Horse Collar
14:17 Double-Bit Axe
17:07 Town Watch
17:57 Wheelbarrow
21:02 Castle Age
22:26 Bow Saw
22:19 Heavy Plow
25:07 Hand Cart
24:53 Town Patrol
27:23 Stone Mining
27:24 Gold Mining
27:54 Murder Holes
29:24 Forging
29:17 Scale Mail Armor
32:37 Iron Casting
32:17 Chain Mail Armor
38:43 Imperial Age
41:54 Blast Furnace
40:59 Scale Barding Armor
40:22 Cavalier
41:31 Husbandry
42:41 Paladin
45:40 Chain Barding Armor
Connection lost

Rejoining the realm…

Still unreachable

The connection could not be restored.

Session expired

The server has moved on; the page needs a fresh start.